 Dungeon Crawl Stone Soup version 0.27-a0-1301-g128193abf8 (webtiles) character file.

Game seed: 5511029601269789466

183 hilljack the Digger (level 5, 0/28 HPs)
             Began as a Gargoyle Earth Elementalist on June 14, 2021.
             Was a Follower of Kikubaaqudgha.
             Slain by an orc wizard (4 damage)
             ... on level 4 of the Dungeon on June 17, 2021.
             The game lasted 00:08:01 (3482 turns).

hilljack the Digger (Gargoyle Earth Elementalist)   Turns: 3482, Time: 00:08:03

Health: 0/28       AC:  9    Str:  9 (11) XL:     5   Next: 62%
Magic:  10/10      EV: 11    Int: 14 (16) God:    Kikubaaqudgha [*.....]
Gold:   132        SH:  0    Dex: 10 (11) Spells: 4/10 levels left

rFire    . . .     SeeInvis .   a - +3 hand axe
rCold    . . .     Faith    .   (no shield)
rNeg     + . .     Spirit   .   j - +0 leather armour
rPois    ∞         Reflect  .   (no helmet)
rElec    +         Harm     .   (no cloak)
rCorr    .         Rampage  .   (no gloves)
Will     .....                  d - +1 pair of boots
Stlth    +.........             (no amulet)
HPRegen  0.09/turn              (no ring)
MPRegen  0.12/turn              (no ring)

@: confused
A: sickness immunity, AC +4, negative energy resistance 1, electricity
resistance, torment resistance 1, petrification resistance
a: Renounce Religion, Receive Corpses


You were on level 4 of the Dungeon.
You worshipped Kikubaaqudgha.
Kikubaaqudgha was aware of your devotion.
You visited 1 branch of the dungeon, and saw 4 of its levels.

You collected 132 gold pieces.

Inventory:

Hand Weapons
 a - a +3 hand axe (weapon)
 b - a +0 hunting sling of freezing
 o - a +0 flail
Missiles
 f - 36 arrows
 g - 25 stones
 i - 28 sling bullets
Armour
 d - a +1 pair of boots (worn)
 j - a +0 leather armour (worn)
Scrolls
 h - a scroll of identify
 k - a scroll of fear {unknown}
 l - a scroll of teleportation
 m - a scroll of blinking {unknown}
Potions
 e - a potion of attraction
 n - a potion of magic


   Skills:
 + Level 0.7 Fighting
 + Level 1.0 Armour
 - Level 1.5 Dodging
 - Level 2.1 Stealth
 + Level 3.4 Spellcasting
 + Level 1.5 Conjurations
 + Level 1.1 Necromancy
 - Level 0.7 Transmutations
 + Level 5.2 Earth Magic


You had 4 spell levels left.
You knew the following spells:

 Your Spells              Type           Power      Damage    Failure   Level
a - Sandblast             Erth           34%        2d9       3%          1
b - Passwall              Tmut/Erth      8%         N/A       13%         2
c - Stone Arrow           Conj/Erth      22%        3d8       22%         3

Your spell library contained the following spells:

 Spells                   Type           Power      Damage    Failure   Level
 Animate Skeleton         Necr           10%        N/A       17%         1
 Pain                     Necr           20%        1d5       17%         1
 Corpse Rot               Necr/Air       N/A        N/A       32%         2
 Vampiric Draining        Necr           2%         2d6       45%         3
 Petrify                  Tmut/Erth      10%        N/A       63%         4
 Lee's Rapid Deconstruct  Erth           8%         3d8*      65%         5


Dungeon Overview and Level Annotations

Branches:
Dungeon (4/15)
 Temple: D:4-7

Altars:
Kikubaaqudgha
Xom


Innate Abilities, Weirdness & Mutations

You are immune to sickness and miasma.
Your stone body is resilient. (AC +4)
You are immune to poison.
You resist negative energy. (rN+)
You are resistant to electric shocks. (rElec)
You are resistant to unholy torment.
You are immune to petrification.


Message History

The howler monkey skeleton barely misses you.
Something hits you.
You completely miss something. You hit the howler monkey skeleton.
The howler monkey skeleton hits you.
* * * LOW HITPOINT WARNING * * *
Something hits you.
* * * LOW HITPOINT WARNING * * *
You hit something but do no damage. You hit the howler monkey skeleton.
The howler monkey skeleton closely misses you.
You hear some strange, mumbled words.
A magic dart appears from out of thin air!
The magic dart hits you but does no damage.
The howler monkey skeleton barely misses you.
You hit something. You hit the howler monkey skeleton.
You destroy the howler monkey skeleton!
Kikubaaqudgha accepts your kill. Something hits you but does no damage.
Your Armour skill increases to level 1!
You barely miss something.
You hear some strange, mumbled words.
You are confused.
Something hits you but does no damage.
You miss something. Something hits you but does no damage.
You're too confused to move!
You hear some strange, mumbled words.
You are more confused.
You bump into the tree.
Something hits you but does no damage.
You bump into the tree.
Something hits you but does no damage.
You barely miss something. Something hits you but does no damage.
Something hits you but does no damage.
You bump into the tree.
Something hits you.
* * * LOW HITPOINT WARNING * * *
Something hits you but does no damage.
It was a potion of degeneration.
There was something very wrong with that liquid.
You feel weakened.
You feel dopey.
You feel clumsy. Something completely misses you.
It was a potion of magic.
Magic courses through your body. Something hits you.
You die...
Kikubaaqudgha rasps: "You have failed me!
Welcome... oblivion!"

#.####
#.# #.# ♣
#.# ♣.
#.# ♣.♣
#.# ..
♣♣♣ #.#
♣.♣.♣♣
#.#
♣)@{♣♣#.#
♣♣♣..♣#.#
♣♣)♣#.#
♣....#
♣♣♣#.#
#.# #.#
#.# #.#


There were no monsters in sight!

Vanquished Creatures
  An iguana (D:4)
  An orc wizard (D:4)
  A gnoll (D:1)
  A howler monkey skeleton (D:4)
  4 adders
  2 worms
  A dart slug (D:1)
  4 orcs
  7 endoplasms
  2 giant cockroaches (D:2)
  2 goblins
  9 hobgoblins
  5 quokkas
  7 ball pythons
  4 bats
  4 frilled lizards
  8 kobolds
  5 rats
68 creatures vanquished.

Notes
Turn   | Place    | Note
-------+----------+-------------------------------------------
     0 | D:1      | hilljack the Gargoyle Earth Elementalist began the quest
                  | for the Orb.
     0 | D:1      | Reached XP level 1. HP: 10/10 MP: 3/3
   230 | D:1      | Reached skill level 4 in Earth Magic
   230 | D:1      | Reached XP level 2. HP: 14/15 MP: 0/5
   389 | D:1      | Upgraded the game from 0.27-a0-1287-gca74d27db6 to
                  | 0.27-a0-1301-g128193abf8
   453 | D:1      | Reached XP level 3. HP: 16/19 MP: 0/6
  1052 | D:2      | Found a shimmering altar of Xom.
  1568 | D:2      | Found a faded altar of an unknown god.
  1575 | D:2      | Became a worshipper of Kikubaaqudgha
  1575 | D:2      | Reached * piety under Kikubaaqudgha
  1575 | D:2      | Identified Kikubaaqudgha's Catalogue of Stolen Souls
                  | (Kikubaaqudgha gifted it to you on level 2 of the Dungeon)
  1575 | D:2      | Received a gift from Kikubaaqudgha
  1623 | D:2      | Learned a level 2 spell: Passwall
  1627 | D:2      | Learned a level 3 spell: Stone Arrow
  1908 | D:2      | Reached XP level 4. HP: 24/24 MP: 8/8
  2662 | D:3      | Reached skill level 5 in Earth Magic
  2879 | D:3      | Reached skill level 1 in Conjurations
  3194 | D:4      | Reached XP level 5. HP: 25/28 MP: 9/9
  3334 | D:4      | Reached skill level 1 in Necromancy
  3472 | D:4      | Reached skill level 1 in Armour
  3482 | D:4      | Slain by an orc wizard

Illustrated notes

Levels and vault maps discovered:
D:1:      nzn_arrival_depleted_hourglass, layout_basic
D:2:      layout_basic, dilly_ecumenical_altar_fadedgnrine, basic_altar
D:3:      layout_loops_ring, serial_park_tiny_pond
D:4:      kb_forest_paths, layout_basic, minmay_temple_entry_statues_pillars

Skill      XL: |  1  2  3  4  5 |
---------------+----------------+-----
Earth Magic    | 4 5 |  5.2
Spellcasting   | 3 |  3.4
Conjurations   | 1 |  1.5
Necromancy     | 1 |  1.1
Armour         | 1 |  1.0
Fighting       | |  0.7
Dodging        | |  1.5
Stealth        | |  2.1
Transmutations | |  0.7

Action                   |  1- 3 |  4- 6 || total
-------------------------+-------+-------++-------
Melee: Unarmed           |     2 |       ||     2
       Flail             |    21 |    59 ||    80
       Hand axe          |       |    16 ||    16
 Fire: Hunting sling     |     7 |    14 ||    21
 Cast: Sandblast         |    40 |    24 ||    64
  Use: Scroll            |     2 |     2 ||     4
       Potion            |       |     2 ||     2
 Stab: Sleeping          |     1 |     2 ||     3
Armor: Robe              |    19 |    12 ||    31
       Leather armour    |       |    33 ||    33
Dodge: Dodged            |    32 |    59 ||    91

Table legend: (Time is in decaauts)
 A = Elapsed time spent in this place.
 B = Non-inter-level travel time spent in this place.
 C = Inter-level travel time spent in this place.
 D = Time resting spent in this place.
 E = Time spent auto-exploring this place.
 F = Levels seen in this place.
 G = Mean time per level.
                   A        B        C        D        E       F      G
               +--------+--------+--------+--------+--------+-----+--------+
         Total |   3515 |   3376 |    139 |    339 |   2417 |   4 |  878.8 |
       Dungeon |   3515 |   3376 |    139 |    339 |   2417 |   4 |  878.8 |
               +--------+--------+--------+--------+--------+-----+--------+

Top non-repeatable levels by time:
     D:2: 1386 daAuts
     D:1: 1056 daAuts
     D:3: 753 daAuts
     D:4: 319 daAuts
